AoeStats
← maradona10

Arabia

504525942Analyzed
1v1 RM · 26d ago on Sep 5, 2026· 64m 43s· 2 players
Game mode
Random Map
Map size
Tiny (2 player)
Population
200
Speed
Normal
Resources
Standard
Victory
Conquest
Starting age
Dark Age
Ending age
Imperial Age
RankedLock teamsTeams togetherTeam positionsShared explorationLock speedFull tech treeHidden civsTurbo modeCheats
Victory
Defeat
🇹🇷 Huns · Türkiye
1145
+15
🇪🇸 Slavs · Spain
1123
-15
maradona10
7:24 Loom
10:13 Feudal Age
12:00 Man-at-Arms
12:44 Double-Bit Axe
21:46 Castle Age
19:42 Horse Collar
20:44 Forging
20:34 Scale Mail Armor
21:09 Fletching
23:04 Squires
23:25 Husbandry
23:38 Bow Saw
24:13 Scale Barding Armor
26:49 Elite Skirmisher
29:12 Chain Barding Armor
28:53 Padded Archer Armor
30:29 Gold Mining
32:25 Iron Casting
31:45 Bodkin Arrow
32:34 Bloodlines
35:21 Heavy Plow
35:18 Bodkin Arrow
36:27 Long Swordsman
41:24 Ballistics
40:58 Pikeman
43:50 Leather Archer Armor
49:09 Imperial Age
47:16 Wheelbarrow
46:53 Town Watch
48:21 Detinets
49:17 Detinets
49:28 Cavalier
51:46 Conscription
51:58 Hand Cart
52:51 Chemistry
51:57 Siege Engineers
51:14 Light Cavalry
51:19 Two-Handed Swordsman
54:08 Blast Furnace
53:26 Champion
54:06 Stone Mining
54:51 Gold Shaft Mining
54:01 Hussar
55:34 Heavy Scorpion
56:11 Elite Boyar
59:25 Plate Barding Armor
59:21 Ring Archer Armor
59:07 Chain Mail Armor
Enkidu
6:38 Loom
8:49 Feudal Age
11:39 Double-Bit Axe
12:27 Fletching
12:45 Horse Collar
18:15 Padded Archer Armor
22:49 Castle Age
21:36 Bloodlines
21:37 Gold Mining
22:32 Scale Barding Armor
23:31 Bodkin Arrow
23:49 Bow Saw
23:41 Heavy Plow
25:23 Chain Barding Armor
27:04 Wheelbarrow
29:19 Hand Cart
31:01 Leather Archer Armor
31:54 Ballistics
32:15 Gold Shaft Mining
31:31 Stone Mining
32:32 Husbandry
36:31 Imperial Age
34:17 Forging
34:24 Light Cavalry
35:41 Iron Casting
36:27 Thumb Ring
37:30 Bracer
38:06 Plate Barding Armor
39:14 Parthian Tactics
41:24 Plate Barding Armor
43:31 Masonry
45:54 Two-Man Saw
49:40 Blast Furnace
51:01 Conscription
51:21 Heavy Cavalry Archer
53:34 Hussar
59:05 Chemistry
Connection lost

Rejoining the realm…

Still unreachable

The connection could not be restored.

Session expired

The server has moved on; the page needs a fresh start.